 Dungeon Crawl Stone Soup version 0.27.1-1-g398f81649c (webtiles) character file.

Game seed: 5836409837673203232

14426 Gwenloh the Covert (level 11, -8/58 HPs)
             Began as a Spriggan Brigand on Sept 10, 2021.
             Was a Believer of Uskayaw.
             Splashed by an oklob plant's acid (16 damage)
             ... on level 1 of the Lair of Beasts.
             The game lasted 00:59:55 (17488 turns).

Gwenloh the Covert (Spriggan Brigand)              Turns: 17488, Time: 00:59:55

Health: -8/58      AC: -3    Str:  7    XL:     11   Next: 88%
Magic:  16/16      EV: 26    Int: 13    God:    Uskayaw [**....]
Gold:   608        SH:  0    Dex: 20    Spells: 10/10 levels left

rFire    . . .     SeeInvis +   a - +2 dagger (drain)
rCold    . . .     Faith    .   (shield restricted)
rNeg     . . .     Spirit   .   A - +2 steam dragon scales
rPois    .         Reflect  .   (helmet restricted)
rElec    .         Harm     .   p - +1 cloak
rCorr    .         Rampage  .   (gloves unavailable)
Will     +....                  (boots unavailable)
Stlth    +++.......             (no amulet)
HPRegen  0.19/turn              j - +4 ring of slaying
MPRegen  0.15/turn              J - +4 ring of slaying

@: corroded, slow
A: very small, no large weapons, unfitting armour, see invisible, speed 3
a: Renounce Religion, Stomp, Line Pass


You were on level 1 of the Lair of Beasts.
You worshipped Uskayaw.
Uskayaw was noncommittal.
You visited 3 branches of the dungeon, and saw 11 of its levels.
You also visited: Sewer.

You collected 733 gold pieces.
You spent 125 gold pieces at shops.

Inventory:

Hand Weapons
 a - a +2 dagger of draining (weapon)
 b - a +2 shortbow of freezing
 x - a +0 rapier
Missiles
 d - 45 poisoned darts (quivered)
 e - 2 curare-tipped darts
 g - 157 arrows
 i - 274 stones
 v - 94 sling bullets
 B - a throwing net
Armour
 p - a +1 cloak (worn)
 A - +2 steam dragon scales (worn)
 D - a +2 robe of resistance
Jewellery
 j - a +4 ring of slaying (left hand)
 n - a ring of protection from fire
 J - a +4 ring of slaying (right hand)
Wands
 c - a wand of acid (9)
 o - a wand of polymorph (9)
 y - a wand of flame (41)
Scrolls
 h - 4 scrolls of teleportation
 m - a scroll of fog {unknown}
 s - a scroll of holy word
 u - a scroll of fear {unknown}
 z - 3 scrolls of amnesia
 F - a scroll of summoning {unknown}
 G - a scroll of blinking {unknown}
 H - a scroll of magic mapping {unknown}
Potions
 f - a potion of heal wounds
 k - a potion of flight {unknown}
 l - 2 potions of attraction {unknown}
 q - 7 potions of curing
 r - 3 potions of mutation {unknown}
 t - a potion of ambrosia {unknown}
 w - 4 potions of lignification
 C - a potion of might {unknown}
 E - a potion of haste {unknown}
 I - a potion of brilliance {unknown}
Miscellaneous
 K - a tin of tremorstones (2/2)


   Skills:
 + Level 7.6 Fighting
 - Level 10.0 Short Blades
 + Level 6.9 Bows
 - Level 2.0 Throwing
 + Level 11.2 Dodging
 + Level 14.0 Stealth
 * Level 5.9 Invocations


You had 10 spell levels left.
You didn't know any spells.
Your spell library contained the following spells:

 Spells                   Type           Power      Damage    Failure   Level
 Freeze                   Ice            0%         1d3       30%         1
 Sting                    Tmut/Pois      0%         1d3       30%         1
 Summon Small Mammal      Summ           0%         N/A       30%         1
 Corpse Rot               Necr/Air       N/A        N/A       43%         2
 Ensorcelled Hibernation  Hex/Ice        0%         N/A       43%         2
 Poisonous Vapours        Pois/Air       0%         N/A       43%         2
 Sublimation of Blood     Necr           0%         N/A       43%         2
 Wereblood                Tmut           0%         N/A       43%         2
 Call Canine Familiar     Summ           0%         N/A       67%         3
 Dazzling Flash           Conj/Hex       0%         N/A       67%         3
 Ozocubu's Armour         Ice            0%         N/A       67%         3
 Spider Form              Tmut/Pois      0%         N/A       67%         3
 Summon Guardian Golem    Hex/Summ       0%         N/A       67%         3
 Airstrike                Air            0%         N/A       97%         4
 Dispel Undead            Necr           0%         3d6       97%         4
 Iskenderun's Mystic Bla  Conj/Tloc      0%         2d3       97%         4
 Olgreb's Toxic Radiance  Pois           0%         N/A       97%         4
 Summon Lightning Spire   Summ/Air       0%         N/A       97%         4
 Freezing Cloud           Conj/Ice/Air   0%         6-21      100%        5
 Lightning Bolt           Conj/Air       0%         1d11      100%        5
 Metabolic Englaciation   Hex/Ice        0%         N/A       100%        5
 Death Channel            Necr           0%         N/A       100%        6
 Eringya's Noxious Bog    Tmut/Pois      0%         N/A       100%        6
 Shadow Creatures         Summ           N/A        N/A       100%        6
 Simulacrum               Ice/Necr       0%         N/A       100%        6
 Starburst                Conj/Fire      0%         6d3       100%        6
 Summon Hydra             Summ           0%         N/A       100%        7


Dungeon Overview and Level Annotations

Branches:
Dungeon (9/15)             Temple (1/1) D:7            Lair (1/6) D:9
  Sewer (visited)
    Orc: D:9-12

Altars:
Ashenzari
Cheibriados
Dithmenos
Elyvilon
Fedhas
Hepliaklqana
Kikubaaqudgha
Makhleb
Nemelex Xobeh
Okawaru
Qazlal
Ru
Sif Muna
Trog
Uskayaw
Vehumet
Wu Jian
Xom
Yredelemnul
Zin
The Shining One

Shops:
D:5 !(   D:9 !

Annotations:
D:8 2 transporters, MajorAdolf's ghost, novice NaWn
Lair:1 exclusion: 2 oklob plants, Erica


Innate Abilities, Weirdness & Mutations

You are very small and have problems with some larger weapons.
You are too small for most types of armour.
You have supernaturally acute eyesight. (SInv)
You cover ground extremely quickly. (Speed+++)


Message History

* * * LOW HITPOINT WARNING * * *
You feel much better.
You hit the oklob plant but do no damage.
The oklob plant is moderately damaged.
Your unstable footing causes you to fumble your attack.
You hit the oklob plant but do no damage.
The oklob plant is moderately damaged.
You hit the oklob plant.
The oklob plant is heavily damaged.
You hit the oklob plant but do no damage.
The oklob plant is heavily damaged.
You hit the oklob plant but do no damage.
The oklob plant is heavily damaged.
Your unstable footing causes you to fumble your attack.
You hit the oklob plant but do no damage.
The oklob plant is heavily damaged.
Your unstable footing causes you to fumble your attack.
You hit the oklob plant but do no damage.
The oklob plant is heavily damaged.
The oklob plant spits acid at you. The splash of acid hits you!
You are splashed with acid.
* * * LOW HITPOINT WARNING * * *
You hit the oklob plant but do no damage.
The oklob plant is heavily damaged.
Okay, then.
You hit the oklob plant but do no damage.
The oklob plant is heavily damaged.
Your unstable footing causes you to fumble your attack.
Your unstable footing causes you to fumble your attack.
Your unstable footing causes you to fumble your attack.
You hit the oklob plant but do no damage.
The oklob plant is heavily damaged.
You hit the oklob plant but do no damage.
The oklob plant is heavily damaged.
Your unstable footing causes you to fumble your attack.
The oklob plant spits acid at you. The splash of acid hits you.
* * * LOW HITPOINT WARNING * * *
The acid corrodes you!
You are splashed with acid!
You die...

^.......###'###P..............@.#
.................................
.................................
.................................
..............#############......
..............# #>>># #......
..............#####...#####......
##............#P≈≈....[≈≈P#......
# ............#P@.......≈P#......
.......#P≈...)...≈P#......
.......#.≈...!...≈P#...... ...
#P≈.......≈P#......
#...........#.≈≈.....≈≈P#......
###...........######'######[.....
.##..............................
.................................
..................>..............


You could see an oklob plant.

Vanquished Creatures
  Urug (Lair:1)
  2 oklob plants (Lair:1)
  An ugly thing (D:7)
  A cane toad (Lair:1)
  An unseen horror (D:7)
  A kobold demonologist (D:6)
  A komodo dragon (Lair:1)
  A rime drake (Lair:1)
  3 trolls
  2 hornets (D:7)
  3 blink frogs (Lair:1)
  4 wyverns
  26 yaks
  2 basilisks
  9 water moccasins
  An ice beast (D:6)
  Duvessa (D:4)
  3 orc warriors
  A black bear (D:5)
  3 sky beasts
  2 ogres
  7 centaurs
  A phantom (D:6)
  Blork the orc (D:5)
  2 kobold brigands
  7 bullfrogs
  Dowan (D:4)
  A water moccasin skeleton (D:6)
  2 water moccasin zombies (D:5)
  4 killer bees
  16 wights
  3 centaur zombies
  A bullfrog zombie (D:5)
  A jelly (D:7)
  4 orc priests
  3 hounds
  2 gnoll shamans
  3 iguanas
  A scorpion zombie (D:5)
  3 orc wizards
  A killer bee zombie (D:9)
  2 hound skeletons
  A howler monkey zombie (D:6)
  2 adders
  15 gnolls
  2 shadow imps
  2 white imps (D:7)
  An adder skeleton (D:4)
  A worm (D:4)
  3 dart slugs
  18 orcs
  4 bats
  An endoplasm (D:1)
  11 giant cockroaches
  9 goblins
  7 hobgoblins
  5 jackals
  10 kobolds
  8 quokkas
  10 ball pythons
  6 frilled lizards
  6 rats
257 creatures vanquished.

Vanquished Creatures (others)
  7 fungi
  26 plants
33 creatures vanquished.

Grand Total: 290 creatures vanquished

Notes
Turn   | Place    | Note
-------+----------+-------------------------------------------
     0 | D:1      | Gwenloh the Spriggan Brigand began the quest for the Orb.
     0 | D:1      | Reached XP level 1. HP: 10/10 MP: 2/2
   129 | D:1      | Reached skill level 6 in Stealth
   394 | D:1      | Reached XP level 2. HP: 15/15 MP: 3/3
  1087 | D:1      | Reached XP level 3. HP: 18/18 MP: 4/4
  1574 | D:2      | Found a faded altar of an unknown god.
  1733 | D:2      | Found a bloodstained altar of Trog.
  2864 | D:4      | Reached XP level 4. HP: 23/23 MP: 5/5
  3652 | D:4      | Reached skill level 7 in Stealth
  3846 | D:4      | Reached XP level 5. HP: 27/27 MP: 6/6
  4392 | D:4      | Noticed Dowan
  4393 | D:4      | Noticed Duvessa
  4417 | D:4      | Killed Duvessa
  4418 | D:4      | Reached XP level 6. HP: 32/32 MP: 7/7
  4492 | D:4      | Killed Dowan
  5068 | D:5      | Entered Level 5 of the Dungeon
  5071 | D:5      | Reached skill level 8 in Stealth
  5281 | D:5      | Reached XP level 7. HP: 24/36 MP: 8/8
  5451 | D:5      | Reached skill level 5 in Dodging
  5519 | D:5      | Found a glowing drain.
  5543 | Sewer    | Entered a sewer
  5838 | Sewer    | Reached skill level 5 in Short Blades
  6056 | D:5      | Found Wymeijen's Antique Weapon Boutique.
  6184 | D:5      | Reached skill level 9 in Stealth
  6212 | D:5      | Found a stormy altar of Qazlal.
  6214 | D:5      | Found a sacrificial altar of Ru.
  6231 | D:5      | Found a white marble altar of Elyvilon.
  6231 | D:5      | Found a sparkling altar of Nemelex Xobeh.
  6253 | D:5      | Noticed Blork the orc
  6260 | D:5      | Killed Blork the orc
  6283 | D:5      | Found Enwamog's Distillery.
  6289 | D:5      | Reached XP level 8. HP: 42/42 MP: 9/9
  6294 | D:5      | Bought a potion of heal wounds for 70 gold pieces
  6644 | D:6      | Noticed a kobold demonologist
  6649 | D:6      | Killed a kobold demonologist
  6650 | D:6      | Reached skill level 10 in Stealth
  6911 | D:6      | Reached skill level 5 in Fighting
  7492 | D:6      | Reached XP level 9. HP: 16/44 MP: 10/10
  8209 | D:6      | Reached skill level 11 in Stealth
  9346 | D:7      | Reached skill level 1 in Bows
  9616 | D:7      | Noticed an unseen horror
  9639 | D:7      | Noticed a troll
  9659 | D:7      | Killed an unseen horror
  9730 | D:7      | Reached skill level 12 in Stealth
  9734 | D:7      | Noticed a troll
  9925 | D:7      | Killed a troll
  9926 | D:7      | Reached XP level 10. HP: 41/53 MP: 11/11
 10258 | D:7      | Found a staircase to the Ecumenical Temple.
 10321 | D:7      | Got the Tome of Freezing Toxins
 10373 | Temple   | Entered the Ecumenical Temple
 10458 | Temple   | Became a worshipper of Uskayaw the Reveller
 10538 | D:7      | Reached * piety under Uskayaw
 10544 | D:7      | Reached ** piety under Uskayaw
 10837 | D:7      | Found an ornate altar of the Wu Jian Council.
 11116 | D:8      | Found a transporter.
 11281 | D:8      | Found a shadowy altar of Dithmenos.
 11347 | D:8      | Identified the +4 hunting sling "No More Talking" {venom,
                  | rC+}
 11668 | D:7      | Noticed a cyan ugly thing
 11913 | D:7      | Killed a cyan ugly thing
 12627 | D:8      | Found a transporter.
 12630 | D:8      | Noticed a two-headed ogre
 12633 | D:8      | Found a bloodstained altar of Trog.
 12633 | D:8      | Noticed MajorAdolf's ghost (novice NaWn)
 12655 | D:8      | Noticed a moth of wrath
 12737 | D:8      | Reached skill level 10 in Dodging
 13549 | D:8      | Reached *** piety under Uskayaw
 13551 | D:8      | Reached skill level 1 in Invocations
 13558 | D:8      | Reached **** piety under Uskayaw
 13560 | D:8      | Reached skill level 5 in Bows
 13560 | D:8      | Reached skill level 13 in Stealth
 13760 | D:9      | Reached ***** piety under Uskayaw
 14491 | D:9      | Reached XP level 11. HP: 58/58 MP: 10/14
 14522 | D:9      | Found a staircase to the Lair.
 14996 | D:9      | Found a broken altar of Ashenzari.
 15319 | D:9      | Found Oteeri's Distillery.
 15322 | D:9      | Bought a potion of heal wounds for 55 gold pieces
 15387 | Lair:1   | Entered Level 1 of the Lair of Beasts
 15387 | Lair:1   | Noticed Urug
 15733 | Lair:1   | Killed Urug
 16181 | Lair:1   | Noticed Erica
 16303 | Lair:1   | Reached skill level 10 in Short Blades
 16808 | Lair:1   | Reached skill level 5 in Invocations
 17434 | Lair:1   | Noticed an oklob plant
 17434 | Lair:1   | Noticed an oklob plant
 17435 | Lair:1   | Noticed an oklob plant
 17435 | Lair:1   | Noticed an oklob plant
 17442 | Lair:1   | Killed an oklob plant
 17443 | Lair:1   | Reached skill level 14 in Stealth
 17445 | Lair:1   | Killed an oklob plant
 17488 | Lair:1   | Splashed by an oklob plant's acid

Illustrated notes

Levels and vault maps discovered:
D:1:      elethiomel_arrival_quiet, layout_basic, serial_corexii_hall,
          chequers_hall_statues_wall_a, chequers_hall_statues_corner_a,
          minmay_shallow_snake_nest
D:2:      layout_basic, hellmonk_ecumenical_altar_pennies_from_heaven,
          basic_altar
D:3:      layout_rooms, grunt_decor_one_mirror, feat_on_display
D:4:      layout_loops_corners, minivault_11, uniq_duvessa
D:5:      layout_basic, grunt_temple_overflow_open, serial_shops,
          kennysheep_mini, shop, portal_sewer_entry_a,
          kennysheep_cross_bottleneck, uniq_blork_the_orc
D:6:      layout_cave_pods
D:7:      cheibrodos_fzero, layout_basic, mainiacjoe_overflow_six_doors_small,
          minmay_temple_entry_offerings
D:8:      layout_basic, nicolae_dithmenos_the_darkroom,
          gammafunk_ghost_wrathful_warriors, serial_aquarium,
          aquarium_bridge_long_separate [aquarium_subvault_window,
          aquarium_subvault_bridge, aquarium_subvault_window,
          aquarium_subvault_wall, aquarium_subvault_bridge,
          aquarium_subvault_wall], aquarium_window_1, aquarium_window_2,
          aquarium_window_2, aquarium_view_2d, aquarium_pool_corner
D:9:      layout_long_grid, nicolae_ashenzari_panopticon,
          minmay_lair_entry_grove, serial_shops, shop, eino_tiny_chamber
Temple:   nicolae_temple_great_sept
Lair:1:   dpeg_oklob_gauntlet, layout_regular_city, uniq_urug, uniq_erica

Skill      XL: |  1  2  3  4  5  6  7  8  9 10 11 |
---------------+----------------------------------+-----
Stealth        | 6 7 8 9 10 12 13 14 | 14.0
Dodging        | 2 3 4 6 7 9 10 11 | 11.2
Fighting       | 2 3 4 5 6 7 |  7.6
Short Blades   | 3 4 5 6 8 9 10 | 10.0
Bows           | 3 5 6 |  6.9
Invocations    | 2 5 |  5.9
Throwing       | |  2.0

Action                   |  1- 3 |  4- 6 |  7- 9 | 10-12 || total
-------------------------+-------+-------+-------+-------++-------
Melee: Dagger            |   134 |   113 |   454 |   417 ||  1118
 Fire: Shortbow          |       |     4 |   201 |   244 ||   449
Throw: Dart              |    12 |    46 |     4 |     2 ||    64
Invok: Stomp             |       |       |       |    14 ||    14
       Line Pass         |       |       |       |    19 ||    19
  Use: Scroll            |       |       |     7 |     3 ||    10
       Potion            |       |       |     1 |     5 ||     6
 Stab: Sleeping          |    18 |     8 |    18 |    12 ||    56
       Distracted        |     1 |     2 |     1 |       ||     4
       Confused          |       |       |       |    14 ||    14
       Paralysed         |       |       |       |     4 ||     4
Armor: Robe              |     8 |     9 |    13 |       ||    30
       Steam dragon scal |       |       |    54 |    38 ||    92
Dodge: Dodged            |    80 |    79 |   396 |   349 ||   904
